 Dungeon Crawl Stone Soup version 0.29.1-2-gbd0b4ee654 (webtiles) character file.

Game seed: 4322647305715745108

490 qeuew the Sneak (level 6, -1/28 HPs)
             Began as a Spriggan Enchanter on Nov 11, 2022.
             Slain by a phantom (6 damage)
             ... on level 5 of the Dungeon.
             The game lasted 00:07:16 (4740 turns).

qeuew the Sneak (Spriggan Enchanter)                Turns: 4740, Time: 00:07:16

Health: -1/28      AC:  2    Str:  8    XL:     6   Next: 90%
Magic:  13/13      EV: 19    Int: 24    God:
Gold:   258        SH:  5    Dex: 16    Spells: 6/14 levels left

rFire   + . .      SeeInvis +   g - +1 dagger (venom)
rCold   . . .      Faith    .   (no shield)
rNeg    . . .      Spirit   .   b - +0 robe
rPois   +          Reflect  +   (helmet restricted)
rElec   .          Harm     .   (no cloak)
rCorr   .          Rampage  .   (gloves unavailable)
Will    +....                   (boots unavailable)
Stlth   +++.......              c - amulet of reflection
HPRegen 0.09/turn               m - ring of poison resistance
MPRegen 0.13/turn               j - +6 ring of strength

@: very quick
A: very small, no large weapons, unfitting armour, see invisible, speed 3,
clever 2, fire resistance 1
a: no special abilities


You were on level 5 of the Dungeon.
You visited 1 branch of the dungeon, and saw 5 of its levels.

You collected 258 gold pieces.

Inventory:

Hand Weapons
 g - a +1 dagger of venom (weapon)
Armour
 b - a +0 robe (worn)
Jewellery
 c - an amulet of reflection (around neck)
 j - a +6 ring of strength (right hand)
 m - a ring of poison resistance (left hand)
Wands
 k - a wand of flame (7)
Scrolls
 h - a scroll of amnesia {unknown}
 i - 3 scrolls of teleportation
Potions
 a - 2 potions of resistance
 d - 3 potions of curing
 e - a potion of mutation
 f - a potion of might
 l - a potion of brilliance {unknown}


   Skills:
 + Level 3.5 Short Blades
 + Level 5.0 Dodging
 + Level 6.7 Stealth
 + Level 4.6 Spellcasting
 + Level 5.3 Hexes


You had 6 spell levels left.
You knew the following spells:

 Your Spells              Type           Power      Damage    Failure   Level
a - Ensorcelled Hibernat  Hex/Ice        36%        N/A       4%          2
b - Confusing Touch       Hex            31%        N/A       3%          3
c - Tukima's Dance        Hex            31%        N/A       3%          3

Your spell library contained the following spells:

 Spells                   Type           Power      Damage    Failure   Level
 Dazzling Flash           Conj/Hex       36%        N/A       9%          3
 Iskenderun's Mystic Bla  Conj/Tloc      5%         2d3       67%         4
 Starburst                Conj/Fire      2%         6d3       100%        6


Dungeon Overview and Level Annotations

Branches:
Dungeon (5/15)
 Temple: D:4-7

Altars:


Innate Abilities, Weirdness & Mutations

You are very small and have problems with some larger weapons.
You are too small for most types of armour.
You have supernaturally acute eyesight. (SInv)
You cover ground extremely quickly. (Speed+++)
Your mind is very acute. (Int +8, Str/Dex -2)
Your flesh is heat resistant. (rF+)


Message History

The phantom closely misses you.
You closely miss the phantom.
The phantom is moderately damaged.
You hit the phantom.
The phantom is heavily damaged.
The phantom hits you.
You hit the phantom. Your punch misses the phantom.
The phantom is heavily damaged.
The phantom misses you.
You closely miss the phantom.
The phantom is heavily damaged.
The phantom misses you.
You hit the phantom.
The phantom is severely damaged.
The phantom hits you.
You are too injured to fight recklessly!
You are too injured to fight recklessly!
You are too injured to fight recklessly!
You are too injured to fight recklessly!
You are too injured to fight recklessly!
You are too injured to fight recklessly!
You are too injured to fight recklessly!
You are too injured to fight recklessly!
You are too injured to fight recklessly!
You are too injured to fight recklessly!
You are too injured to fight recklessly!
A phantom is nearby!
You barely miss the phantom.
The phantom is severely damaged.
The phantom hits you!
* * * LOW HITPOINT WARNING * * *
You hit the phantom.
The phantom is severely damaged.
You hit the phantom.
The phantom is almost destroyed.
The phantom completely misses you.
You closely miss the phantom.
The phantom is almost destroyed.
The phantom hits you.
You die...

.. .. .# ####.# ..#.#
######.#.# .......#.###
#..W@...############# #.
#.......##........... #.
#.......##.#########.
######.####.......##.#.......#.
............$....##.#.#####.#.
#...............##.#.# #...#.
#...............##.#.# #.###.
#..........#######.#.# #...#.
..# #..........# #.#.#####.#.


You could see a phantom.

Vanquished Creatures
  Sigmund (D:2)
  A scorpion (D:4)
  A hound (D:4)
  Jessica (D:3)
  2 orc wizards (D:4)
  6 adders
  A shadow imp (D:5)
  A worm (D:2)
  6 dart slugs
  7 orcs
  6 endoplasms
  4 giant cockroaches
  10 goblins
  9 hobgoblins
  6 jackals
  4 quokkas
  4 ball pythons
  4 bats (D:2)
  4 frilled lizards
  5 kobolds
  10 rats
93 creatures vanquished.

Notes
Turn   | Place    | Note
-------+----------+-------------------------------------------
     0 | D:1      | qeuew the Spriggan Enchanter began the quest for the Orb.
     0 | D:1      | Reached XP level 1. HP: 9/9 MP: 5/5
   131 | D:1      | Reached XP level 2. HP: 4/13 MP: 6/6
   134 | D:1      | Learned a level 2 spell: Ensorcelled Hibernation
  1322 | D:1      | Reached XP level 3. HP: 16/16 MP: 8/8
  1711 | D:2      | Reached skill level 5 in Stealth
  2219 | D:2      | Reached XP level 4. HP: 21/21 MP: 10/10
  2234 | D:2      | Noticed Sigmund
  2255 | D:2      | HP: 1/21 [Sigmund/+0 scythe (9)]
  2283 | D:2      | Killed Sigmund
  2284 | D:2      | Reached XP level 5. HP: 3/24 MP: 2/12
  2586 | D:2      | Learned a level 3 spell: Confusing Touch
  2590 | D:2      | Learned a level 3 spell: Tukima's Dance
  2883 | D:2      | Gained mutation: Your mind is acute. (Int +4, Str/Dex -1)
                  | [potion of mutation]
  2883 | D:2      | Gained mutation: Your mind is very acute. (Int +8, Str/Dex
                  | -2) [potion of mutation]
  2883 | D:2      | Gained mutation: Your flesh is heat resistant. (rF+)
                  | [potion of mutation]
  2953 | D:3      | Identified the +3 sling "Hyreupn" {flame, rF++ rN+ rCorr
                  | Int-3}
  3008 | D:3      | Reached skill level 6 in Stealth
  3088 | D:3      | Noticed Jessica
  3113 | D:3      | Killed Jessica
  3114 | D:3      | Reached XP level 6. HP: 17/28 MP: 1/13
  3498 | D:4      | Reached skill level 5 in Hexes
  4294 | D:5      | Entered Level 5 of the Dungeon
  4716 | D:5      | Reached skill level 5 in Dodging
  4740 | D:5      | Slain by a phantom

Illustrated notes

Levels and vault maps discovered:
D:1:      ebering_trefoil_3fold, layout_loops_ring, minmay_pentomino_r4
D:2:      layout_basic, uniq_sigmund
D:3:      layout_rooms, uniq_jessica
D:4:      layout_loops_ring
D:5:      layout_basic, nicolae_overflows_in_rows

Skill      XL: |  1  2  3  4  5  6 |
---------------+-------------------+-----
Dodging        | 3 4 5 |  5.0
Spellcasting   | 3 4 |  4.6
Hexes          | 4 5 |  5.3
Stealth        | 5 6 |  6.7
Short Blades   | 2 3 |  3.5

Action                   |  1- 3 |  4- 6 || total
-------------------------+-------+-------++-------
Melee: Dagger            |   150 |   127 ||   277
 Cast: Ensorcelled Hiber |    11 |    17 ||    28
  Use: Potion            |     3 |     7 ||    10
       Scroll            |     2 |     5 ||     7
 Stab: Sleeping          |    18 |    22 ||    40
Armor: Robe              |    15 |     6 ||    21
Dodge: Dodged            |   116 |    71 ||   187
Block: Other             |       |    19 ||    19
       Reflection        |       |     1 ||     1
